 Dungeon Crawl Stone Soup version 0.28.0-43-g3370ac3207 (webtiles) character file.

Game seed: 9670922416610283647

109 CryoSword the Grasshopper (level 4, 0/38 HPs)
             Began as a Gnoll Warper on Mar 21, 2022.
             Killed from afar by an orc wizard (8 damage)
             ... with a magic dart
             ... on level 3 of the Dungeon.
             The game lasted 00:04:14 (2581 turns).

CryoSword the Grasshopper (Gnoll Warper)            Turns: 2581, Time: 00:04:15

Health: 0/38       AC:  3    Str: 13    XL:     4   Next: 89%
Magic:  11/11      EV: 12    Int: 12    God:
Gold:   104        SH:  5    Dex: 11    Spells: 5/13 levels left

rFire   . . .      SeeInvis .   a - +0 spear
rCold   . . .      Faith    .   f - +2 buckler
rNeg    . . .      Spirit   .   b - +0 leather armour
rPois   .          Reflect  .   (no helmet)
rElec   .          Harm     .   (no cloak)
rCorr   .          Rampage  .   (no gloves)
Will    .....                   (no boots)
Stlth   +.........              (no amulet)
HPRegen 0.12/turn               (no ring)
MPRegen 0.12/turn               (no ring)

@: no status effects
A: fangs 1, strong nose, distributed training
a: no special abilities


You were on level 3 of the Dungeon.
You visited 1 branch of the dungeon, and saw 3 of its levels.

You collected 104 gold pieces.

Inventory:

Hand Weapons
 a - a +0 spear (weapon)
Missiles
 d - 5 boomerangs of dispersal (quivered) {!f}
Armour
 b - a +0 leather armour (worn)
 f - a +2 buckler (worn)
   (You found it on level 1 of the Dungeon)
Scrolls
 c - a scroll of blinking
 e - 4 scrolls of identify {unknown}
 g - a scroll of silence {unknown}
 h - 3 scrolls of teleportation {unknown}
 l - a scroll of fog {unknown}
 n - a scroll of magic mapping {unknown}
Potions
 i - a potion of mutation {unknown}
 j - a potion of heal wounds {unknown}
 k - a potion of brilliance {unknown}
 m - 2 potions of attraction {unknown}


   Skills:
 + Level 4.7 Fighting
 + Level 1.2 Short Blades
 + Level 1.2 Long Blades
 + Level 1.2 Axes
 + Level 1.2 Maces & Flails
 + Level 4.7 Polearms
 + Level 1.2 Staves
 + Level 1.2 Slings
 + Level 1.2 Bows
 + Level 1.2 Crossbows
 + Level 2.8 Throwing
 + Level 2.8 Armour
 + Level 4.7 Dodging
 + Level 1.2 Stealth
 + Level 1.2 Shields
 + Level 1.2 Unarmed Combat
 + Level 5.1 Spellcasting
 + Level 1.0 Conjurations
 + Level 1.0 Hexes
 + Level 1.0 Summonings
 + Level 1.0 Necromancy
 + Level 5.5 Translocations
 + Level 1.0 Transmutations
 + Level 1.0 Fire Magic
 + Level 1.0 Ice Magic
 + Level 1.0 Air Magic
 + Level 1.0 Earth Magic
 + Level 1.0 Poison Magic
 + Level 1.4 Invocations
 + Level 1.2 Evocations


You had 5 spell levels left.
You knew the following spells:

 Your Spells              Type           Power      Damage    Failure   Level
a - Blink                 Tloc           32%        N/A       5%          2
b - Gell's Gravitas       Tloc           16%        N/A       11%         3
c - Teleport Other        Tloc           16%        N/A       11%         3

Your spell library contained the following spells:

 Spells                   Type           Power      Damage    Failure   Level
 Lesser Beckoning         Tloc           16%        N/A       11%         3
 Magic Dart               Conj           20%        1d4       22%         1
 Manifold Assault         Tloc           16%        N/A       67%         5


Dungeon Overview and Level Annotations

Branches:
Dungeon (3/15)

Altars:

Shops:
D:1 (


Innate Abilities, Weirdness & Mutations

You have very sharp teeth.
Your uncanny sense of smell can sniff out nearby items.
Your experience applies equally to all skills.


Message History

You barely miss the adder. The adder bites you.
You hit the adder.
You kill the adder!
You hit the jackal. The jackal bites you.
You hit the jackal. You block the jackal's attack.
The jackal barely misses you.
You hit the jackal.
You kill the jackal!
You hit the jackal. You block the jackal's attack.
The jackal bites you but does no damage.
You hit the jackal but do no damage.
The jackal bites you but does no damage.
You hit the jackal. The jackal misses you.
You hit the jackal.
You kill the jackal!
You hit the endoplasm but do no damage. The endoplasm hits you.
You hit the endoplasm.
You kill the endoplasm!
The jackal barely misses you.
You hit the jackal.
The jackal bites you but does no damage.
You hit the jackal.
You kill the jackal!
A ball python comes into view.
The ball python hisses angrily.
You hit the goblin. The goblin hits you with a +0 dagger.
You closely miss the goblin. The goblin hits you but does no damage.
You closely miss the goblin. The goblin barely misses you.
You block the ball python's attack. x2
You barely miss the goblin.
The ball python completely misses you. x2
You block the goblin's attack. The ball python barely misses you.
You block the ball python's attack.
There is a stone staircase leading up here.
The goblin hits you with a +0 dagger.
You climb upwards.
There is a stone staircase leading down here.
You closely miss the goblin. The goblin hits you with a +0 dagger.
* * * LOW HITPOINT WARNING * * *
You barely miss the goblin. The goblin hits you but does no damage.
You hit the goblin. The goblin hits you with a +0 dagger.
* * * LOW HITPOINT WARNING * * *
You hit the goblin.
You kill the goblin!
Things that are here:
a +0 dagger; a goblin corpse
There is a stone staircase leading down, spattered with blood here.
You start resting.
You climb downwards.
The ball python barely misses you. The ball python closely misses you.
The ball python bites you. The ball python closely misses you.
There is a stone staircase leading up, spattered with blood here.
You closely miss the ball python. You bite the ball python.
The ball python bites you but does no damage.
The ball python grabs you. The ball python constricts you.
You hit the ball python.
You bite the ball python, but do no damage.
The ball python bites you. The ball python constricts you.
The ball python closely misses you. The ball python constricts you.
You closely miss the ball python.
The ball python bites you but does no damage.
The ball python constricts you.
You hit the ball python.
You kill the ball python!
No target in view!
You see here a jackal skeleton.
You pick up Plato's Incunabulum of Arcane Weapons and begin reading...
You add the spell Magic Dart to your library.
There is a faded altar of an unknown god here.
An orc priest comes into view. It is wielding a +0 dagger.
An orc priest is nearby!
An orc priest is nearby!
An orc and an orc wizard come into view.
The orc wizard shouts!
An orc comes into view. It is wielding a +0 club.
You barely miss the orc priest. You block the orc priest's attack.
You closely miss the orc priest. The orc priest barely misses you.
You barely miss the orc priest. Your bite misses the orc priest.
You hit the orc. You hit the orc. The orc misses you.
You hit the orc.
You kill the orc!
You closely miss the orc priest.
The orc wizard mumbles some strange words.
The orc wizard flickers and vanishes!
Deactivating autopickup; reactivate with Ctrl-A.
The orc priest hits you with a +0 dagger.
You completely miss the orc priest. You bite the orc priest.
The orc priest mumbles some strange prayers to Beogh against you.
Beogh smites you!
You are too injured to fight recklessly!
You are too injured to fight recklessly!
You are too injured to fight recklessly!
You closely miss the orc priest. Your bite misses the orc priest.
You closely miss the orc priest.
The orc priest hits you but does no damage.
You hit the orc priest.
The orc priest hits you with a +0 dagger.
You barely miss the orc priest. Your bite misses the orc priest.
You closely miss the orc priest.
The orc priest looks braver for a moment.
Something hits you but does no damage.
You hit the orc priest but do no damage.
You bite the orc priest, but do no damage.
You block the orc priest's attack.
You barely miss the orc priest.
The orc priest hits you but does no damage.
You hit the orc priest but do no damage.
The orc priest barely misses you.
You hit the orc priest. You block the orc priest's attack.
You hit the orc priest. You block the orc priest's attack.
You hit the orc priest.
You kill the orc priest!
You hear some strange, mumbled words.
A puff of flame appears from out of thin air!
The puff of flame misses you.
Your Conjurations skill increases to level 1!
Your Hexes skill increases to level 1!
Your Summonings skill increases to level 1!
Your Necromancy skill increases to level 1!
Your Transmutations skill increases to level 1!
Your Fire Magic skill increases to level 1!
Your Ice Magic skill increases to level 1!
Your Air Magic skill increases to level 1!
Your Earth Magic skill increases to level 1!
Your Poison Magic skill increases to level 1!
You hear some strange, mumbled words.
A puff of flame appears from out of thin air!
The puff of flame hits you.
Things that are here:
a +0 dagger; an orc corpse You miss something.
Your bite misses something. Something hits you but does no damage.
You closely miss something. You hit something. Something hits you.
* * * LOW HITPOINT WARNING * * *
You closely miss something. Your bite misses something. Something hits you.
* * * LOW HITPOINT WARNING * * *
You miss something. Something hits you.
* * * LOW HITPOINT WARNING * * *
You miss something. Your bite misses something.
You hear some strange, mumbled words.
A magic dart appears from out of thin air!
The magic dart hits you.
* * * LOW HITPOINT WARNING * * *
You miss something.
You hear some strange, mumbled words.
A magic dart appears from out of thin air!
The magic dart hits you!
You die...

# #
#.#####.#.#..####.#
.#..P..#.#P.##
.#.#####P#P..#####.#
.. ...PP#..........#
#...#####...######..#
#..........#
........##.##
.#########..# ##@#
#{)...... #.#######
..# #.# #.# #.# #.#


There were no monsters in sight!

Vanquished Creatures
  An orc priest (D:3)
  A gnoll (D:2)
  An adder (D:3)
  A worm (D:2)
  A dart slug (D:2)
  An orc (D:3)
  6 endoplasms
  4 giant cockroaches
  3 hobgoblins (D:1)
  8 jackals
  A quokka (D:1)
  2 ball pythons
  5 bats
  8 goblins
  2 kobolds
  6 rats
51 creatures vanquished.

Notes
Turn   | Place    | Note
-------+----------+-------------------------------------------
     0 | D:1      | CryoSword the Gnoll Warper began the quest for the Orb.
     0 | D:1      | Reached XP level 1. HP: 20/20 MP: 6/6
   138 | D:1      | Reached XP level 2. HP: 26/26 MP: 7/7
   242 | D:1      | Found Caxke's Weapon Boutique.
   560 | D:1      | Reached XP level 3. HP: 31/31 MP: 9/9
   614 | D:1      | Reached skill level 5 in Spellcasting
   992 | D:1      | Learned a level 2 spell: Blink
   996 | D:1      | Learned a level 3 spell: Gell's Gravitas
  1000 | D:1      | Learned a level 3 spell: Teleport Other
  1149 | D:2      | Reached skill level 1 in Invocations
  1742 | D:2      | Reached skill level 1 in Short Blades
  1742 | D:2      | Reached skill level 1 in Long Blades
  1742 | D:2      | Reached skill level 1 in Axes
  1742 | D:2      | Reached skill level 1 in Maces & Flails
  1742 | D:2      | Reached skill level 1 in Staves
  1742 | D:2      | Reached skill level 1 in Slings
  1742 | D:2      | Reached skill level 1 in Bows
  1742 | D:2      | Reached skill level 1 in Crossbows
  1742 | D:2      | Reached skill level 1 in Stealth
  1742 | D:2      | Reached skill level 1 in Shields
  1742 | D:2      | Reached skill level 1 in Unarmed Combat
  1742 | D:2      | Reached skill level 1 in Evocations
  1820 | D:2      | Reached XP level 4. HP: 23/38 MP: 11/11
  2264 | D:3      | Found a faded altar of an unknown god.
  2513 | D:3      | Got Plato's Incunabulum of Arcane Weapons
  2574 | D:3      | Reached skill level 1 in Conjurations
  2574 | D:3      | Reached skill level 1 in Hexes
  2574 | D:3      | Reached skill level 1 in Summonings
  2574 | D:3      | Reached skill level 1 in Necromancy
  2574 | D:3      | Reached skill level 1 in Transmutations
  2574 | D:3      | Reached skill level 1 in Fire Magic
  2574 | D:3      | Reached skill level 1 in Ice Magic
  2574 | D:3      | Reached skill level 1 in Air Magic
  2574 | D:3      | Reached skill level 1 in Earth Magic
  2574 | D:3      | Reached skill level 1 in Poison Magic
  2581 | D:3      | Killed from afar by an orc wizard

Illustrated notes

Levels and vault maps discovered:
D:1:      minmay_arrival_stone_box, layout_basic, serial_shops,
          nicolae_shop_advertising_works [nicolae_subvault_shop_adworks]
D:2:      layout_basic
D:3:      layout_loops_ring, nicolae_overflow_ecumenical_swirl,
          shapermc_ecumenical_altar_rom_forum, st_stairs_8,
          uniq_crazy_yiuf_cottage

Skill      XL: |  1  2  3  4 |
---------------+-------------+-----
Spellcasting   | 5 |  5.1
Invocations    | 1 |  1.4
Short Blades   | 1 |  1.2
Long Blades    | 1 |  1.2
Axes           | 1 |  1.2
Maces & Flails | 1 |  1.2
Staves         | 1 |  1.2
Slings         | 1 |  1.2
Bows           | 1 |  1.2
Crossbows      | 1 |  1.2
Stealth        | 1 |  1.2
Shields        | 1 |  1.2
Unarmed Combat | 1 |  1.2
Evocations     | 1 |  1.2
Conjurations   | 1 |  1.0
Hexes          | 1 |  1.0
Summonings     | 1 |  1.0
Necromancy     | 1 |  1.0
Transmutations | 1 |  1.0
Fire Magic     | 1 |  1.0
Ice Magic      | 1 |  1.0
Air Magic      | 1 |  1.0
Earth Magic    | 1 |  1.0
Poison Magic   | 1 |  1.0
Fighting       | |  4.7
Polearms       | |  4.7
Throwing       | |  2.8
Armour         | |  2.8
Dodging        | |  4.7
Translocations | |  5.5

Action                   |  1- 3 |  4- 6 || total
-------------------------+-------+-------++-------
Melee: Spear             |   170 |    69 ||   239
       Bite              |    10 |     4 ||    14
 Stab: Sleeping          |     2 |     1 ||     3
Armor: Leather armour    |    31 |    17 ||    48
Dodge: Dodged            |    60 |    20 ||    80
Block: Buckler           |    25 |    15 ||    40
